TOP OF THE 1ST |
Beaumont Crossbeaus batting - Pitching for Crowley Cajuns : RHP Dave Farris
|
Pitching: RHP Dave Farris
|
|
Batting: RHB Albert Monday
|
0-0: Ground out 5-3 (Groundball, 56, EV 86.2 MPH)
|
Batting: LHB Jacob Hall
|
0-0: Ball 1-0: Ball 2-0: Ball 3-0: Called Strike 3-1: Fly out, F9 (Flyball, 9, EV 92.5 MPH)
|
Batting: RHB Chiel Spronck
|
0-0: Ball 1-0: Called Strike 1-1: Ball 2-1: Swinging Strike 2-2: Strikes out swinging
|
Top of the 1st over - 0 runs, 0 hits, 0 errors, 0 left on base; Beaumont 0 - Crowley 0 |
BOTTOM OF THE 1ST |
Crowley Cajuns batting - Pitching for Beaumont Crossbeaus : RHP Randy Smith
|
Pitching: RHP Randy Smith
|
|
Batting: RHB Bill Palmer
|
0-0: Foul Ball, location: 2F 0-1: DOUBLE (Groundball, 5L, EV 100.0 MPH)
|
Batting: RHB Pedro Ramos
|
0-0: Ball 1-0: Foul Ball, location: 2F 1-1: Fly out, F9 (Line Drive, 9D, EV 88.8 MPH) Runner from 2nd tags up, SAFE at 3rd, no throw by RF
|
Batting: RHB Juan Jiménez
|
0-0: Called Strike 0-1: Ball Wild Pitch! Bill Palmer scores 1-1: Ground out 1-3 (Groundball, P, EV 88.8 MPH)
|
Batting: RHB Li-ren Ren
|
0-0: Foul Ball, location: 2F 0-1: Ball 1-1: Ball 2-1: Ball 3-1: SINGLE (Flyball, 89S, EV 94.4 MPH)
|
Batting: RHB Francisco De La Cruz
|
0-0: Fly out, F8 (Flyball, 8RS, EV 85.0 MPH)
|
Bottom of the 1st over - 1 run, 2 hits, 0 errors, 1 left on base; Beaumont 0 - Crowley 1 |
TOP OF THE 2ND |
Beaumont Crossbeaus batting - Pitching for Crowley Cajuns : RHP Dave Farris
|
Batting: SHB Ai-de Lau
|
0-0: Ball 1-0: Foul Ball, location: 2F 1-1: Foul Ball, location: 2F 1-2: Ball 2-2: Strikes out swinging
|
Batting: RHB Christian Karembeu
|
0-0: Called Strike 0-1: Swinging Strike 0-2: Ball 1-2: Ball 2-2: Strikes out looking
|
Batting: LHB Gianni Fei
|
0-0: SINGLE (Line Drive, 3D, EV 98.8 MPH)
|
Batting: RHB Pete Dunn
|
0-0: Called Strike 0-1: Foul Ball, location: 2F 0-2: Ball 1-2: Ball 2-2: SINGLE (Line Drive, 6MD, EV 103.8 MPH) Gianni Fei to second
|
Batting: SHB Alex Johnston
|
0-0: Foul Ball, location: 2F 0-1: SINGLE (Line Drive, 89S, EV 88.8 MPH) Gianni Fei to third Pete Dunn to second Runner from 3rd tries for Home, SAFE, no throw by CF
|
Batting: RHB Remon Korendijk
|
0-0: Foul Ball, location: 2F 0-1: Ball 1-1: Fly out, F4 (Line Drive, 4, EV 66.2 MPH)
|
Top of the 2nd over - 1 run, 3 hits, 0 errors, 2 left on base; Beaumont 1 - Crowley 1 |
BOTTOM OF THE 2ND |
Crowley Cajuns batting - Pitching for Beaumont Crossbeaus : RHP Randy Smith
|
Batting: LHB Kun Chieu
|
0-0: Ball 1-0: Ball 2-0: Swinging Strike 2-1: Foul Ball, location: 2F 2-2: Ball 3-2: Ground out 4-3 (Groundball, 4, EV 98.8 MPH)
|
Batting: RHB Anuenue-Akua Kemikilio
|
0-0: Ball 1-0: Fly out, F8 (Flyball, 78D, EV 100.0 MPH)
|
Batting: RHB Hannes Postinger
|
0-0: Fly out, F7 (Flyball, 7LSF, EV 86.9 MPH)
|
Bottom of the 2nd over - 0 runs, 0 hits, 0 errors, 0 left on base; Beaumont 1 - Crowley 1 |
TOP OF THE 3RD |
Beaumont Crossbeaus batting - Pitching for Crowley Cajuns : RHP Dave Farris
|
Batting: RHB Albert Monday
|
0-0: Ground out 4-3 (Groundball, 4M, EV 103.8 MPH)
|
Batting: LHB Jacob Hall
|
0-0: Called Strike 0-1: Foul Ball, location: 2F 0-2: Ball 1-2: Ball 2-2: Strikes out swinging
|
Batting: RHB Chiel Spronck
|
0-0: Ground out 1-3 (Groundball, 15S, EV 70.6 MPH)
|
Top of the 3rd over - 0 runs, 0 hits, 0 errors, 0 left on base; Beaumont 1 - Crowley 1 |
BOTTOM OF THE 3RD |
Crowley Cajuns batting - Pitching for Beaumont Crossbeaus : RHP Randy Smith
|
Batting: LHB Turner Barnes
|
0-0: Ball 1-0: Ground out 5-3 (Groundball, 5, EV 109.4 MPH)
|
Batting: RHB Bill Palmer
|
0-0: Called Strike 0-1: Ball 1-1: Called Strike 1-2: Strikes out looking
|
Batting: RHB Pedro Ramos
|
0-0: Called Strike 0-1: Ground out 6-3 (Groundball, 4M, EV 86.9 MPH)
|
Bottom of the 3rd over - 0 runs, 0 hits, 0 errors, 0 left on base; Beaumont 1 - Crowley 1 |
TOP OF THE 4TH |
Beaumont Crossbeaus batting - Pitching for Crowley Cajuns : RHP Dave Farris
|
Batting: SHB Ai-de Lau
|
0-0: Called Strike 0-1: Ball 1-1: Foul Ball, location: 2F 1-2: Ball 2-2: Ball 3-2: Strikes out swinging
|
Batting: RHB Christian Karembeu
|
0-0: Ball 1-0: Ball 2-0: Ground out 6-3 (Groundball, 6, EV 76.9 MPH)
|
Batting: LHB Gianni Fei
|
0-0: Ball 1-0: Called Strike 1-1: Ball 2-1: Swinging Strike 2-2: Strikes out looking
|
Top of the 4th over - 0 runs, 0 hits, 0 errors, 0 left on base; Beaumont 1 - Crowley 1 |
BOTTOM OF THE 4TH |
Crowley Cajuns batting - Pitching for Beaumont Crossbeaus : RHP Randy Smith
|
Batting: RHB Juan Jiménez
|
0-0: Foul Ball, location: 2F 0-1: Ball 1-1: Foul Ball, location: 2F 1-2: Foul Ball, location: 2F 1-2: Ball 2-2: Ground out 1-3 (Groundball, 13, EV 75.6 MPH)
|
Batting: RHB Li-ren Ren
|
0-0: Foul Ball, location: 2F 0-1: Swinging Strike 0-2: Ball 1-2: Strikes out swinging
|
Batting: RHB Francisco De La Cruz
|
0-0: Ball 1-0: Swinging Strike 1-1: Foul Ball, location: 2F 1-2: Ball 2-2: Ball 3-2: Ground out 5-3 (Groundball, 56S, EV 71.9 MPH)
|
Bottom of the 4th over - 0 runs, 0 hits, 0 errors, 0 left on base; Beaumont 1 - Crowley 1 |
TOP OF THE 5TH |
Beaumont Crossbeaus batting - Pitching for Crowley Cajuns : RHP Dave Farris
|
Batting: RHB Pete Dunn
|
0-0: Foul Ball, location: 2F 0-1: Swinging Strike 0-2: Foul Ball, location: 2F 0-2: Strikes out looking
|
Batting: SHB Alex Johnston
|
0-0: Called Strike 0-1: Ground out 6-3 (Groundball, 4MS, EV 66.9 MPH)
|
Batting: RHB Remon Korendijk
|
0-0: Ball 1-0: Foul Ball, location: 2F 1-1: Called Strike 1-2: Ball 2-2: Foul Ball, location: 2F 2-2: Ball 3-2: Base on Balls
|
Batting: RHB Albert Monday
|
0-0: Called Strike 0-1: Called Strike 0-2: Ball 1-2: Strikes out swinging
|
Top of the 5th over - 0 runs, 0 hits, 0 errors, 1 left on base; Beaumont 1 - Crowley 1 |
BOTTOM OF THE 5TH |
Crowley Cajuns batting - Pitching for Beaumont Crossbeaus : RHP Randy Smith
|
Batting: LHB Kun Chieu
|
0-0: Called Strike 0-1: Fly out, F8 (Flyball, 89XD, EV 113.8 MPH)
|
Batting: RHB Anuenue-Akua Kemikilio
|
0-0: DOUBLE (Line Drive, 8RXD, EV 105.0 MPH)
|
Batting: RHB Hannes Postinger
|
0-0: Foul Ball, location: 2F 0-1: Ball 1-1: Swinging Strike 1-2: Foul Ball, location: 2F 1-2: Strikes out looking
|
Batting: LHB Turner Barnes
|
0-0: Called Strike 0-1: Ball 1-1: Ground out 1-3 (Groundball, 34S, EV 80.0 MPH)
|
Bottom of the 5th over - 0 runs, 1 hit, 0 errors, 1 left on base; Beaumont 1 - Crowley 1 |
TOP OF THE 6TH |
Beaumont Crossbeaus batting - Pitching for Crowley Cajuns : RHP Dave Farris
|
Batting: LHB Jacob Hall
|
0-0: Called Strike 0-1: Foul Ball, location: 2F 0-2: Ball 1-2: Foul Ball, location: 2F 1-2: Strikes out looking
|
Batting: RHB Chiel Spronck
|
0-0: Ball 1-0: Called Strike 1-1: Fly out, F9 (Line Drive, 9D, EV 93.8 MPH)
|
Batting: SHB Ai-de Lau
|
0-0: Called Strike 0-1: Ball 1-1: SINGLE (Line Drive, 89S, EV 103.1 MPH)
|
Batting: RHB Christian Karembeu
|
0-0: Called Strike 0-1: Called Strike 0-2: Foul Ball, location: 2F 0-2: Foul Ball, location: 2F 0-2: Ball 1-2: Ball 2-2: Strikes out swinging
|
Top of the 6th over - 0 runs, 1 hit, 0 errors, 1 left on base; Beaumont 1 - Crowley 1 |
BOTTOM OF THE 6TH |
Crowley Cajuns batting - Pitching for Beaumont Crossbeaus : RHP Randy Smith
|
Batting: RHB Bill Palmer
|
0-0: Ball 1-0: Bunt for hit to 13 - play at first, batter OUT! 1-3
|
Batting: RHB Pedro Ramos
|
0-0: Called Strike 0-1: Foul Ball, location: 2F 0-2: Ground out 4-3 (Groundball, 4, EV 86.9 MPH)
|
Batting: RHB Juan Jiménez
|
0-0: Swinging Strike 0-1: Ball 1-1: Ball 2-1: Foul Ball, location: 2F 2-2: Fly out, F4 (Line Drive, 4, EV 65.0 MPH)
|
Bottom of the 6th over - 0 runs, 0 hits, 0 errors, 0 left on base; Beaumont 1 - Crowley 1 |
TOP OF THE 7TH |
Beaumont Crossbeaus batting - Pitching for Crowley Cajuns : RHP Dave Farris
|
Batting: LHB Gianni Fei
|
0-0: Ball 1-0: Ball 2-0: Called Strike 2-1: Foul Ball, location: 2F 2-2: Strikes out swinging
|
Batting: RHB Pete Dunn
|
0-0: Ball 1-0: Ball 2-0: Swinging Strike 2-1: Ball 3-1: Called Strike 3-2: Fly out, F8 (Flyball, 8RS, EV 93.8 MPH)
|
Batting: SHB Alex Johnston
|
0-0: SINGLE (Groundball, 4D, EV 101.2 MPH)
|
Pitching: RHP Shao-zu Chow
|
|
Batting: RHB Remon Korendijk
|
0-0: Fly out, F9 (Flyball, 9S, EV 78.8 MPH)
|
Top of the 7th over - 0 runs, 1 hit, 0 errors, 1 left on base; Beaumont 1 - Crowley 1 |
BOTTOM OF THE 7TH |
Crowley Cajuns batting - Pitching for Beaumont Crossbeaus : RHP Randy Smith
|
Batting: RHB Li-ren Ren
|
0-0: Ball 1-0: Ball 2-0: Fly out, F9 (Flyball, 9, EV 90.0 MPH)
|
Batting: RHB Francisco De La Cruz
|
0-0: DOUBLE (Flyball, 8RXD, EV 93.8 MPH)
|
Batting: LHB Kun Chieu
|
0-0: Intentional Walk
|
Batting: RHB Anuenue-Akua Kemikilio
|
0-0: Ball 1-0: Ball 2-0: Swinging Strike 2-1: Swinging Strike 2-2: Strikes out swinging
|
Batting: RHB Hannes Postinger
|
0-0: Called Strike 0-1: Ball 1-1: Fly out, F6 (Flyball, 6D, EV 78.8 MPH)
|
Bottom of the 7th over - 0 runs, 1 hit, 0 errors, 2 left on base; Beaumont 1 - Crowley 1 |
TOP OF THE 8TH |
Beaumont Crossbeaus batting - Pitching for Crowley Cajuns : RHP Shao-zu Chow
|
Batting: RHB Albert Monday
|
0-0: DOUBLE (Line Drive, 8RXD, EV 99.4 MPH)
|
Batting: LHB Jacob Hall
|
0-0: Ground out 4-3 (Groundball, 4, EV 85.6 MPH) Albert Monday to third
|
Batting: RHB Chiel Spronck
|
0-0: Ball 1-0: Foul Ball, location: 2F 1-1: Called Strike 1-2: Ball 2-2: Foul Ball, location: 2F 2-2: Strikes out looking
|
Batting: SHB Ai-de Lau
|
0-0: Called Strike 0-1: Ball 1-1: Foul Ball, location: 2F 1-2: Ground out 1-3 (Groundball, 34S, EV 91.9 MPH)
|
Top of the 8th over - 0 runs, 1 hit, 0 errors, 1 left on base; Beaumont 1 - Crowley 1 |
BOTTOM OF THE 8TH |
Crowley Cajuns batting - Pitching for Beaumont Crossbeaus : RHP Randy Smith
|
Batting: LHB Turner Barnes
|
0-0: Ball 1-0: Ball 2-0: Ground out 6-3 (Groundball, 6, EV 86.9 MPH)
|
Batting: RHB Bill Palmer
|
0-0: Ball 1-0: Foul Ball, location: 2F 1-1: Ball 2-1: Swinging Strike 2-2: Ball 3-2: Foul Ball, location: 2F 3-2: TRIPLE (Flyball, 89XD, EV 90.0 MPH)
|
Pitching: LHP Brenden Cleverdon
|
|
Batting: RHB Pedro Ramos
|
0-0: Ball 1-0: Swinging Strike 1-1: Foul Ball, location: 2F 1-2: Ground out 1-3 (Groundball, P, EV 78.8 MPH)
|
Batting: RHB Juan Jiménez
|
0-0: Intentional Walk
|
Batting: RHB Li-ren Ren
|
0-0: Ball 1-0: Called Strike 1-1: Ball 2-1: Foul Ball, location: 2F 2-2: Ball 3-2: Strikes out swinging
|
Bottom of the 8th over - 0 runs, 1 hit, 0 errors, 2 left on base; Beaumont 1 - Crowley 1 |
TOP OF THE 9TH |
Beaumont Crossbeaus batting - Pitching for Crowley Cajuns : RHP Shao-zu Chow
|
Pitching: RHP Joonas Noronen
|
|
Batting: RHB Christian Karembeu
|
0-0: Foul Ball, location: 2F 0-1: Foul Ball, location: 2F 0-2: Strikes out swinging
|
Pitching: RHP Lorenzo Ramos
|
|
Batting: LHB Gianni Fei
|
0-0: Ball 1-0: Called Strike 1-1: Foul Ball, location: 2F 1-2: Ball 2-2: Strikes out swinging
|
Batting: RHB Pete Dunn
|
0-0: Ball 1-0: Called Strike 1-1: Foul Ball, location: 2F 1-2: Ball 2-2: Ball 3-2: Strikes out swinging, 2-3 out at first.
|
Top of the 9th over - 0 runs, 0 hits, 0 errors, 0 left on base; Beaumont 1 - Crowley 1 |
BOTTOM OF THE 9TH |
Crowley Cajuns batting - Pitching for Beaumont Crossbeaus : LHP Brenden Cleverdon
|
Pitching: RHP Víctor Ramírez
|
|
Batting: RHB Francisco De La Cruz
|
0-0: Ground out 5-3 (Groundball, 56S, EV 80.6 MPH)
|
Batting: LHB Kun Chieu
|
0-0: Ball 1-0: Ground out 1-3 (Groundball, 34S, EV 86.9 MPH)
|
Pinch Hitting: RHB Pedro Figoroa
|
0-0: Fly out, F7 (Flyball, 7LSF, EV 90.0 MPH)
|
Bottom of the 9th over - 0 runs, 0 hits, 0 errors, 0 left on base; Beaumont 1 - Crowley 1 |
TOP OF THE 10TH |
Beaumont Crossbeaus batting - Pitching for Crowley Cajuns : RHP Lorenzo Ramos
|
Now in CF: Christoffer Oqvist
|
|
Pinch Hitting: RHB José Labandeira
|
0-0: Fly out, F7 (Flyball, 7S, EV 90.6 MPH)
|
Pinch Hitting: RHB Jae-keol Om
|
0-0: Ground out 6-3 (Groundball, 56, EV 106.9 MPH)
|
Pinch Hitting: LHB Joey Bridges
|
0-0: Foul Ball, location: 2F 0-1: Called Strike 0-2: Ball 1-2: Foul Ball, location: 2F 1-2: SINGLE (Groundball, 6MD, EV 99.4 MPH)
|
Batting: LHB Jacob Hall
|
0-0: Ball 1-0: Ball 2-0: Called Strike 2-1: Ground out 4-3 (Groundball, 4, EV 77.5 MPH)
|
Top of the 10th over - 0 runs, 1 hit, 0 errors, 1 left on base; Beaumont 1 - Crowley 1 |
BOTTOM OF THE 10TH |
Crowley Cajuns batting - Pitching for Beaumont Crossbeaus : RHP Víctor Ramírez
|
Now at C: Tsing Yo
|
|
Now at 1B: António Hernández
|
|
Now at SS: Alfonso Flores
|
|
Pinch Hitting: SHB Edmund Davis
|
0-0: Ball 1-0: Called Strike 1-1: Ball 2-1: Ball 3-1: Ground out U3 (Groundball, 3D, EV 94.4 MPH)
|
Pinch Hitting: LHB Liam Hunt
|
0-0: Foul Ball, location: 2F 0-1: Ball 1-1: Foul Ball, location: 2F 1-2: Ground out 4-3 (Groundball, 4, EV 106.2 MPH)
|
Batting: RHB Bill Palmer
|
0-0: Swinging Strike 0-1: Foul Ball, location: 2F 0-2: Strikes out swinging, 2-3 out at first.
|
Bottom of the 10th over - 0 runs, 0 hits, 0 errors, 0 left on base; Beaumont 1 - Crowley 1 |
TOP OF THE 11TH |
Beaumont Crossbeaus batting - Pitching for Crowley Cajuns : RHP Lorenzo Ramos
|
Now at 2B: Jesse Fisher
|
|
Now at 3B: Robert Howard
|
|
Batting: RHB Chiel Spronck
|
0-0: Ball 1-0: Swinging Strike 1-1: Swinging Strike 1-2: Ball 2-2: Strikes out swinging
|
Batting: SHB Ai-de Lau
|
0-0: Foul Ball, location: 2F 0-1: Swinging Strike 0-2: Ground out 4-3 (Groundball, 34, EV 89.4 MPH)
|
Batting: RHB Christian Karembeu
|
0-0: Called Strike 0-1: Swinging Strike 0-2: Ball 1-2: Foul Ball, location: 2F 1-2: Foul Ball, location: 2F 1-2: Strikes out swinging
|
Top of the 11th over - 0 runs, 0 hits, 0 errors, 0 left on base; Beaumont 1 - Crowley 1 |
BOTTOM OF THE 11TH |
Crowley Cajuns batting - Pitching for Beaumont Crossbeaus : RHP Víctor Ramírez
|
Pitching: LHP Keala Mikala
|
|
Batting: RHB Pedro Ramos
|
0-0: Ground out 5-3 (Groundball, 56S, EV 85.0 MPH)
|
Batting: RHB Juan Jiménez
|
0-0: Called Strike 0-1: Ball 1-1: Swinging Strike 1-2: Reached on error, E6 (Groundball, 56, EV 87.5 MPH)
|
Batting: RHB Li-ren Ren
|
0-0: Intentional Walk
|
Batting: RHB Francisco De La Cruz
|
0-0: SINGLE (Line Drive, 34D, EV 96.9 MPH) Juan Jiménez to third Li-ren Ren to second Runner from 3rd tries for Home, SAFE, no throw by RF
|
 |
Thursday, June 17th, 2021 - OOTP Baseball 20.8 Build 74
|
|